 Dungeon Crawl Stone Soup version 0.27.0-1-g7a089689b8 (webtiles) character file.

Game seed: 1634873088362708986

284 lmSkywalker the Magician (level 6, -1/40 HPs)
             Began as a Djinni Fire Elementalist on Aug 2, 2021.
             Slain by an orc wizard (2 damage)
             ... on level 3 of the Dungeon.
             The game lasted 00:13:05 (4508 turns).

lmSkywalker the Magician (Djinni Fire Elementalist) Turns: 4508, Time: 00:13:06

Health: -1/40      AC:  3    Str:  7    XL:     6   Next: 55%
Gold:   124        EV: 13    Int: 18    God:
                   SH:  0    Dex: 14

rFire    + + .     SeeInvis .   e - +3 whip
rCold    x . .     Faith    .   (no shield)
rNeg     . . .     Spirit   .   a - +0 robe
rPois    ∞         Reflect  .   k - +0 helmet
rElec    .         Harm     .   (no cloak)
rCorr    .         Rampage  .   (no gloves)
Will     .....                  (boots unavailable)
Stlth    ++........             (no amulet)
HPRegen  0.13/turn              (no ring)
MPRegen  0.00/turn              (no ring)

@: flying
A: sickness immunity, fire resistance 2, cold vulnerability 1, float, innate
caster, hp casting, extra vitality 1
a: no special abilities


You were on level 3 of the Dungeon.
You visited 1 branch of the dungeon, and saw 4 of its levels.

You collected 124 gold pieces.

Inventory:

Hand Weapons
 e - a +3 whip (weapon)
Armour
 a - a +0 robe (worn)
 k - a +0 helmet (worn)
Scrolls
 h - 2 scrolls of blinking
 i - a scroll of fear {unknown}
 j - a scroll of summoning {unknown}
Potions
 c - 2 potions of magic
 d - 2 potions of curing
 f - a potion of degeneration
 g - a potion of ambrosia {unknown}
 l - a potion of berserk rage {unknown}


   Skills:
 - Level 1.0 Maces & Flails
 - Level 3.3 Dodging
 - Level 1.5 Stealth
 + Level 4.8 Spellcasting


You couldn't memorise any spells.
You knew the following spells:

 Your Spells              Type           Power      Damage    Failure   Level
a - Foxfire               Conj/Fire      84%        2x1d8     1%          1
b - Conjure Flame         Conj/Fire      21%        6-21      5%          3
c - Inner Flame           Hex/Fire       21%        N/A       5%          3
d - Sticky Flame          Conj/Fire      21%        2d4       19%         4
e - Fireball              Conj/Fire      10%        3d6       45%         5
f - Sandblast             Erth           42%        2d11      1%          1
g - Corpse Rot            Necr/Air       N/A        N/A       2%          2
Your spell library was empty.

Dungeon Overview and Level Annotations

Branches:
Dungeon (4/15)
 Temple: D:4-7

Altars:
Elyvilon


Innate Abilities, Weirdness & Mutations

You are immune to sickness and miasma.
You are immune to poison.
Your flesh is very heat resistant. (rF++)
You are vulnerable to cold. (rC-)
You float through the air rather than walking.
You learn spells naturally, not from books.
Your magical power is your life essence.
You have superior vitality. (+4 HP)


Message History

You start resting.
HP restored.
You see here a +0 hand axe.
There is a stone staircase leading down here.
You fly downwards. 2 orcs come into view.
An orc is wielding a +1 dagger of protection.
The orc shouts! x2
The orc wizard misses you. The orc closely misses you.
The orc wizard barely misses you.
You hear a bark!
Found a robe.
There is a stone staircase leading up here.
The orc hits you with a +0 dagger.
The orc wizard hits you but does no damage.
You are electrocuted!!
The orc completely misses you.
The hound stops to sniff the ground.
The orc closely misses you.
You fly upwards.
There is a stone staircase leading down here.
Casting: Foxfire (safe; 1% risk of failure)
Confirm with . or Enter, or press ? or * to list all spells.
Aiming: Inner Flame (dangerous; 5% risk of failure)
Press: ? - help, Shift-Dir - straight line, f - orc
Aim: an orc, wielding a +1 dagger of protection (chance to affect: 89%)
The orc is filled with an inner flame.
The orc hits you but does no damage.
The orc wizard hits you but does no damage.
You are electrocuted!
* * * LOW HITPOINT WARNING * * *
The orc hits you with a +0 club.
* * * LOW HITPOINT WARNING * * *
The orc closely misses you.
Casting: Inner Flame (dangerous; 5% risk of failure)
Confirm with . or Enter, or press ? or * to list all spells.
You conjure some foxfire!
* * * LOW HITPOINT WARNING * * *
The orc hits you with a +0 dagger.
* * * LOW HITPOINT WARNING * * *
The orc wizard hits you with a +0 dagger of electrocution.
You die...

#....# #.#
#####.....##...
#....# #.#
#####..##..
.....# ###.###
##..... .....#
#.....# #####.
#....# #.....#
#.. #....#
#.....# #..
###### #.....#
#.. #...oo# #..
#...v@# #..
#...oo# ##.
####### ## #


You could see an orc wizard (ally target) and 3 orcs.

Vanquished Creatures
  A bullfrog (D:4)
  A scorpion (D:3)
  2 orc wizards (D:3)
  3 adders
  A gnoll (D:1)
  A dart slug (D:2)
  4 orcs
  4 ball pythons
  2 endoplasms (D:1)
  3 giant cockroaches
  5 goblins
  10 hobgoblins
  10 jackals
  A quokka (D:2)
  2 bats (D:1)
  4 frilled lizards
  11 kobolds
  7 rats
72 creatures vanquished.

Vanquished Creatures (others)
  196 foxfires
196 creatures vanquished.

Grand Total: 268 creatures vanquished

Notes
Turn   | Place    | Note
-------+----------+-------------------------------------------
     0 | D:1      | lmSkywalker the Djinni Fire Elementalist began the quest
                  | for the Orb.
     0 | D:1      | Reached XP level 1. HP: 15/15 MP: 0/0
   313 | D:1      | Reached XP level 2. HP: 19/21 MP: 0/0
   587 | D:1      | Reached XP level 3. HP: 22/25 MP: 0/0
   587 | D:1      | Learned a level 1 spell: Sandblast
   795 | D:1      | You are sucked into a shaft and drop 1 floor!
   900 | D:2      | Reached skill level 3 in Spellcasting
   968 | D:1      | Found a faded altar of an unknown god.
  1331 | D:1      | Reached XP level 4. HP: 17/31 MP: 0/0
  1934 | D:2      | Reached skill level 1 in Maces & Flails
  3255 | D:3      | Noticed a scorpion
  3305 | D:3      | Killed a scorpion
  3306 | D:3      | Reached skill level 4 in Spellcasting
  3306 | D:3      | Reached XP level 5. HP: 18/35 MP: 0/0
  3306 | D:3      | Learned a level 2 spell: Corpse Rot
  3683 | D:3      | Reached XP level 6. HP: 34/40 MP: 0/0
  4269 | D:3      | Found a white marble altar of Elyvilon.
  4507 | D:3      | HP: 2/40 [orc (1)]
  4508 | D:3      | Slain by an orc wizard

Illustrated notes

Levels and vault maps discovered:
D:1:      dpeg_arrival_round_c, layout_rooms, ebering_ecumenical_altar_box,
          chequers_serial_rivers_large_a, st_stairs_11, fountainhead
D:2:      layout_basic, roderic_serpentine_path
D:3:      layout_rooms, lemuel_coloured_pillars_altar
D:4:      layout_basic

Skill      XL: |  1  2  3  4 |
---------------+-------------+-----
Dodging        | 3 |  3.3
Spellcasting   | 3 4 |  4.8
Maces & Flails | 1 |  1.0
Stealth        | |  1.5

Action                   |  1- 3 |  4- 6 || total
-------------------------+-------+-------++-------
Melee: Whip              |     5 |     3 ||     8
 Cast: Foxfire           |    47 |    81 ||   128
       Inner Flame       |       |     2 ||     2
       Conjure Flame     |       |     7 ||     7
       Corpse Rot        |       |     1 ||     1
  Use: Scroll            |       |     7 ||     7
Armor: Robe              |     6 |    11 ||    17
Dodge: Dodged            |    22 |    24 ||    46
